Unix NetHack Version 5.0.0-0 post-release - last build May  4 2026 22:22:43 (774f63e81ad911689b3a0859ea89b322d5daca8d,branch:main).

Game began 2026-05-06 10:47:47, ended 2026-05-06 11:39:03.

01245990302, chaotic female human Priestess

                                                            --.--..--
                                                            ...%.G@.|
                                                            .......--
                                                           ..).....---
                                                           ..........|
                                                           ...---.<..|
                                                                --..--

01245990302 the Acolyte      St:12 Dx:16 Co:13 In:9 Wi:15 Ch:10  Chaotic
Dlvl:3  $:12 HP:0(30) Pw:33(33) AC:7  Xp:3 T:1900 

Latest messages:
 You see here a green mold corpse.
 You kill the kobold!
 You see here a green mold corpse.
 You have a little trouble lifting a green mold corpse.  Continue? [ynq] (q) n
 You see here a green mold corpse.
 There is a green mold corpse here; eat it? [ynq] (n) y
 You have a very bad case of stomach acid.
 You finish eating the green mold corpse.
 You feel less concerned about being harmed by acid.
 You no longer feel safe from acid.
 You try to move the boulder, but in vain.
 Your lamp flickers.
 The newt misses!
 You miss the newt.
 The newt bites!
 You miss the newt.
 The newt bites!
 You hit the newt.
 You kill the newt!
 Your lamp flickers.
 Your lamp flickers considerably.
 You kill the gecko!
 Your lamp seems about to go out.
 Your lamp has gone out.
 You descend the stairs.
 You are beginning to feel hungry.
 What do you want to eat? [lp or ?*] l
 Yak - dog food!
 You finish eating the tripe ration.
 You hear crashing rock.
 You hit the gnome lord.
 The gnome lord hits!
 You hit the gnome lord!
 The gnome lord hits!
 You hit the gnome lord!
 You are hit by a stout spear!
 You hit the gnome.
 The gnome hits!
 You kill the gnome!
 You see here a gnome corpse.
 The gnome lord thrusts his stout spear.
 The gnome lord hits!
 The gnome lord thrusts his stout spear.
 The gnome lord hits!
 You die...
 Do you want your possessions identified? [ynq] (y) y
 Do you want to see your attributes? [ynq] (y) y
 Do you want an account of creatures vanquished? [ynaq] (y) y
 Do you want to see your conduct and achievements? [ynq] (y) y
 Do you want to see the dungeon overview? [ynq] (y) y

Inventory:
 Coins    ('$')
  $ - 12 gold pieces
 Weapons  (')')
  t - 6 +0 arrows
  k - 14 +1 darts
  u - a blessed +0 elven dagger
  s - a blessed +0 orcish dagger
  a - a blessed very corroded +1 mace (weapon in right hand)
 Armor    ('[')
  c - a +0 small shield (being worn)
  n - a +0 small shield
  b - a +0 robe (being worn)
  m - a +0 ring mail
 Comestibles  ('%')
  p - 2 cram rations
  l - a tripe ration
 Spellbooks  ('+')
  h - a spellbook of cure blindness
  g - a spellbook of healing
 Potions  ('!')
  r - a blessed potion of healing
  d - 4 potions of holy water
 Tools    ('(')
  v - an oil lamp

01245990302 the Priestess's attributes:

Background:
 You were an Acolyte, a level 3 human Priestess.
 You were chaotic, nominally on a mission for Anshar
 who was opposed by Anu (lawful) and Ishtar (neutral).
 You were right-handed.
 You were in the Gnomish Mines, on level 3.
 You entered the dungeon 1900 turns ago.
 You had 75 experience points, 5 more were needed to attain level 4.

Basics:
 You had 0 out of 30 hit points.
 You had all 33 energy points (spell power).
 Your armor class was 7.
 Your wallet contained 12 zorkmids.
 Autopickup was off.

Final Characteristics:
 Your strength was 12 (limit:18/100).
 Your dexterity was 16 (limit:18).
 Your constitution was 13 (limit:18).
 Your intelligence was 9 (limit:18).
 Your wisdom was 15 (limit:18).
 Your charisma was 10 (limit:18).

Final Status:
 You weren't hungry.
 You were unencumbered.
 You were wielding a mace.
 You had basic skill with mace.

Final Attributes:
 You were devoutly aligned.
 You were guarded.
 Your spell casting was enhanced by wearing a robe.
 You are dead.

Miscellaneous:
 You didn't encounter any bones levels.
 Total elapsed playing time was 47 minutes and 11 seconds.

Major events:
 Turn
    1: 01245990302 the chaotic human Priestess entered the dungeon
 1033: attained the rank of Acolyte (level 3)
 1868: entered the Gnomish Mines
 1900: killed by a gnome lord

Spells:
 Name                 Level Category     Fail Retention
 healing                1   healing        0%  76%-100%
 cure blindness         2   healing       56%  76%-100%

Skills:
 Fighting Skills
   bare handed combat [Unskilled]
 Weapon Skills
   club               [Unskilled]
   mace               [Basic]
   morning star       [Unskilled]
   flail              [Unskilled]
   hammer             [Unskilled]
   quarterstaff       [Unskilled]
   polearms           [Unskilled]
   spear              [Unskilled]
   trident            [Unskilled]
   lance              [Unskilled]
   bow                [Unskilled]
   sling              [Unskilled]
   crossbow           [Unskilled]
   dart               [Unskilled]
   shuriken           [Unskilled]
   boomerang          [Unskilled]
   unicorn horn       [Unskilled]
 Spellcasting Skills
   healing spells     [Unskilled]
   divination spells  [Unskilled]
   clerical spells    [Basic]

Voluntary challenges:
 Character rerolling was not enabled.
 You were an atheist.
 You were illiterate.
 You never genocided any monsters.
 You never polymorphed an object.
 You never changed form.
 You used no wishes.
Achievements:
 You attained the rank of Acolyte.
 You entered the Gnomish Mines.

 The Dungeons of Doom: levels 1 to 2
    Level 1:
       An altar, a fountain.
    Level 2:
       A sink.
       Stairs down to The Gnomish Mines.
 The Gnomish Mines:
    Level 3: <- You were here.
       Final resting place for
          you, killed by a gnome lord.


Vanquished creatures:
  a shrieker
 an acid blob
  a hobbit
  2 giant rats
  a green mold
  a gnome
  2 geckos
  3 jackals
  a fox
  2 kobolds
  2 goblins
  a grid bug
  a lichen
  a kobold zombie
  7 newts
27 creatures vanquished.

No species were genocided or became extinct.

Game over:
                       ----------
                      /          \
                     /    REST    \
                    /      IN      \
                   /     PEACE      \
                  /                  \
                  |   01245990302    |
                  |      12 Au       |
                  |   killed by a    |
                  |    gnome lord    |
                  |                  |
                  |                  |
                  |       2026       |
                 *|     *  *  *      | *
        _________)/\\_//(\/(/\)/\//\/|_)_______

Goodbye 01245990302 the Priestess...

You died in The Gnomish Mines on dungeon level 3 with 411 points,
and 12 pieces of gold, after 1900 moves.
You were level 3 with a maximum of 30 hit points when you died.

